 Dungeon Crawl Stone Soup version 0.20-a0-795-ga03948b (console) character file.

50 nht the Ruffian (level 3, 0/28 HPs)
             Began as a Draconian Transmuter on Mar 1, 2017.
             Slain by a quokka (1 damage)
             ... on level 1 of the Dungeon.
             The game lasted 00:01:50 (1202 turns).

nht the Ruffian (Draconian Transmuter)              Turns: 1202, Time: 00:01:51

Health: 0/28       AC:  5    Str: 12    XL:     3   Next: 55%
Magic:  5/6        EV: 12    Int: 14    God:
Gold:   50         SH:  0    Dex: 11    Spells: 5/6 levels left

rFire    . . .     SeeInvis .     - Unarmed
rCold    . . .     Gourm    .   (armour unavailable)
rNeg     . . .     Faith    .   (no shield)
rPois    .         Spirit   .   (helmet restricted)
rElec    .         Reflect  .   (no cloak)
rCorr    .         Harm     .   (no gloves)
MR       .....                  (boots currently unavailable)
Stlth    +.........             (no amulet)
Regen    0.1/turn               (no ring)
MPRegen  0.1/turn               (no ring)

@: appendage, very slightly contaminated
A: unfitting armour, talons 3, cold-blooded, AC +5
a: End Transformation


You were on level 1 of the Dungeon.
You were not hungry.
You had grown temporary talons.
You visited 1 branch of the dungeon, and saw 2 of its levels.

You collected 50 gold pieces.

Inventory:

Missiles
 a - 42 arrows
Scrolls
 d - 2 scrolls of identify {unknown}
 e - a scroll of enchant armour {unknown}
 g - a scroll of recharging {unknown}
 h - a scroll of remove curse {unknown}
 j - 2 scrolls of teleportation {unknown}
Books
 b - a book of Changes

   Spells                             Type                      Level
   a - Beastly Appendage              Transmutation                1
   b - Sticks to Snakes               Transmutation                2
   c - Spider Form                    Transmutation/Poison         3
   d - Ice Form                       Ice/Transmutation            4
   e - Blade Hands                    Transmutation                5
Comestibles
 c - 2 bread rations
 f - a meat ration
 i - 5 chunks of flesh
 l - a royal jelly


   Skills:
 - Level 1.1 Fighting
 - Level 1.7 Dodging
 * Level 4.0 Unarmed Combat
 - Level 2.0 Spellcasting
 + Level 2.9 Transmutations


You had 5 spell levels left.
You knew the following spells:

 Your Spells              Type           Power        Failure   Level  Hunger
a - Beastly Appendage     Tmut           #.....       10%         1    ##.....


Dungeon Overview and Level Annotations

Branches:
Dungeon (2/15)

Altars:


Innate Abilities, Weirdness & Mutations

Your plain brown scales are hard. (AC +5)
You cannot fit into any form of body armour.
You are cold-blooded and may be slowed by cold attacks.
You have claws for feet.


Message History

* * * LOW HITPOINT WARNING * * *
You climb upwards.
There is a stone staircase leading down here.
You closely miss the quokka.
You tail-slap the quokka, but do no damage.
The quokka closely misses you.
You barely miss the quokka. The quokka bites you.
* * * LOW HITPOINT WARNING * * *
You hit the quokka but do no damage.
The quokka bites you but does no damage.
You closely miss the quokka.
The quokka bites you but does no damage.
Casting: Beastly Appendage
Confirm with . or Enter, or press ? or * to list all spells.
Your feet morph into talons.
The quokka barely misses you.
You barely miss the quokka. The quokka bites you.
* * * LOW HITPOINT WARNING * * *
You aren't carrying any potions.
The quokka bites you.
You die...

.........█(..[.█....██.█
█.█
.██████..███(███.██.██.█
█.█
.████.█..........██.██.█
█.█
.............(..)......█
█.█
.████.█.█.█████████.████
█.█ )█ █.█..........██.█
█.█
.████.███..█████.██.█
█.█
.............███.██.█
█.█
..).......)..'..@r>.█
█.█
█.......)....███.█..█
█.█ █.[..........█
█.█..█ █.█
█............███.█..█
█.█
█............█...█.[█
█.█
█............█.███..█
█.█
█.........██.█.███..█
█.█
█.......(........█..█
█.█
█........███.█████..█
█.█


You could see a quokka.

Vanquished Creatures
  A worm (D:2)
  2 dart slugs (D:1)
  3 leopard geckos
  A giant cockroach (D:1)
  5 goblins
  5 hobgoblins
  4 jackals (D:2)
  5 bats
  3 frilled lizards
  5 kobolds
  3 rats
37 creatures vanquished.

Notes
Turn   | Place    | Note
-------+----------+-------------------------------------------
     0 | D:1      | nht the Draconian Transmuter began the quest for the Orb.
     0 | D:1      | Reached XP level 1. HP: 16/16 MP: 3/3
   452 | D:1      | Reached XP level 2. HP: 12/23 MP: 5/5
  1022 | D:2      | Reached XP level 3. HP: 17/28 MP: 6/6
  1139 | D:2      | Reached skill level 4 in Unarmed Combat
  1200 | D:1      | HP: 1/28 [quokka (1)]
  1202 | D:1      | Slain by a quokka

Vault maps used:
D:1:      saegor_arrival_simple_b, minmay_split_cup_large
D:2:      kennysheep_goblin_castle, minitemple, grunt_ministairs_6

Skill      XL: |  1  2  3 |
---------------+----------+-----
Unarmed Combat | 4 |  4.0
Fighting       | |  1.1
Dodging        | |  1.7
Spellcasting   | |  2.0
Transmutations | |  2.9

Action                   || total
-------------------------++-------
Melee: Unarmed           ||   165
       Tailslap          ||    18
       Kick              ||     9
       Headbutt          ||     3
 Cast: Beastly Appendage ||     6
  Use: Potion            ||     2
 Stab: Invisible         ||     6
  Eat: Chunk             ||     1
Armor: Skin              ||    89
Dodge: Dodged            ||   147
